3141 views
Uploaded 2019-12-01 20:39:38
Game version 1.32.0.2 / 1.32.0.2.1
41:04 long 4on4 ladder game on (8)Mur'gulOasis_LV
Saved by BEARAND
3141 views
Uploaded 2019-12-01 20:39:38
Game version 1.32.0.2 / 1.32.0.2.1
41:04 long 4on4 ladder game on (8)Mur'gulOasis_LV


64 units @ 5.7k
/ 0.2k
288 buildings @ 14.5k
/ 7.7k



x1)
| Lesser Clarity Potion | 1 | 70 |
| Staff of Sanctuary | 3 | 750 |
| Orb of Fire | 2 | 650 |
| Boots of Speed | 4 | 1000 |
| Staff of Teleportation | 3 | 450 |
| Tome of Retraining | 1 | 300 |
| Circlet of Nobility | 2 | 350 |
| Orb of Lightning | 1 | 375 |
| total: | 17 | 3945g |
| Peasant | 14 | 1050 | / | 0 |
| Priest | 1 | 135 | / | 10 |
| total: | 15 | 1185g | / | 10w |
| Scout Tower | 39 | 1170 | / | 780 |
| Arcane Tower | 4 | 280 | / | 200 |
| Guard Tower | 16 | 1120 | / | 800 |
| Altar of Kings | 1 | 180 | / | 50 |
| Farm | 4 | 320 | / | 80 |
| Lumber Mill | 1 | 120 | / | 0 |
| Arcane Vault | 1 | 130 | / | 30 |
| Arcane Sanctum | 1 | 150 | / | 140 |
| Keep | 1 | 320 | / | 210 |
| Castle | 1 | 360 | / | 210 |
| total: | 47 | 2070g | / | 1080w |
| 0:01 | Peasant |
| 0:03 | Altar of Kings |
| 0:08 | Peasant |
| 0:18 | Farm |
| 0:27 | Peasant |
| 0:39 | Peasant |
| 0:46 | Farm |
| 0:48 | Lumber Mill |
| 1:04 | Peasant |
| 1:14 | Scout Tower |
| 1:15 | Peasant |
| 1:29 | Peasant |
| 1:35 | Scout Tower |
| 1:46 | Arcane Tower |
| 1:47 | Peasant |
| 1:53 | Scout Tower |
| 2:05 | Peasant |
| 2:08 | Peasant |
| 2:16 | Pocket Factory |
| 2:22 | Peasant |
| 2:22 | Peasant |
| 2:31 | Guard Tower |
| 2:35 | Arcane Vault |
| 2:43 | Guard Tower |
| 2:49 | Peasant |
| 3:19 | Engineering Upgrade |
| 3:34 | Scout Tower |
| 3:35 | Scout Tower |
| 3:35 | Scout Tower |
| 3:42 | Peasant |
| 3:47 | Scout Tower |
| 3:59 | Improved Masonry |
| 4:20 | Guard Tower |
| 4:46 | Keep |
| 5:06 | Guard Tower |
| 5:07 | Scout Tower |
| 5:08 | Scout Tower |
| 5:09 | Scout Tower |
| 5:34 | Guard Tower |
| 5:35 | Scout Tower |
| 5:36 | Scout Tower |
| 7:16 | Arcane Sanctum |
| 7:20 | Farm |
| 7:21 | Farm |
| 7:29 | Castle |
| 7:30 | Advanced Masonry |
| 7:30 | Improved Lumber Harvesting |
| 7:47 | Pocket Factory |
| 8:09 | Guard Tower |
| 8:17 | Lesser Clarity Potion |
| 8:26 | Scout Tower |
| 8:27 | Scout Tower |
| 8:27 | Scout Tower |
| 8:30 | Scout Tower |
| 8:32 | Magic Sentry |
| 8:36 | Boots of Speed |
| 8:36 | Staff of Teleportation |
| 9:09 | Storm Bolt |
| 9:16 | Arcane Tower |
| 9:52 | Imbued Masonry |
| 10:48 | Siphon Mana |
| 11:25 | Bash |
| 11:29 | Engineering Upgrade |
| 11:35 | Guard Tower |
| 11:38 | Scout Tower |
| 11:39 | Scout Tower |
| 11:40 | Scout Tower |
| 12:07 | Tome of Retraining |
| 12:07 | Retrain Hero |
| 12:09 | Cluster Rockets |
| 12:10 | Engineering Upgrade |
| 12:34 | Advanced Lumber Harvesting |
| 13:09 | Boots of Speed |
| 13:16 | Guard Tower |
| 13:18 | Priest Adept Training |
| 13:19 | Priest |
| 13:20 | Arcane Tower |
| 13:20 | Guard Tower |
| 13:24 | Scout Tower |
| 13:24 | Scout Tower |
| 13:25 | Scout Tower |
| 13:26 | Scout Tower |
| 13:27 | Scout Tower |
| 13:28 | Banish |
| 13:32 | Boots of Speed |
| 13:33 | Staff of Teleportation |
| 13:33 | Circlet of Nobility |
| 14:17 | Guard Tower |
| 14:30 | Scout Tower |
| 14:32 | Scout Tower |
| 14:36 | Staff of Sanctuary |
| 15:27 | Orb of Fire |
| 15:36 | Arcane Tower |
| 15:39 | Guard Tower |
| 16:06 | Guard Tower |
| 16:25 | Scout Tower |
| 16:30 | Boots of Speed |
| 16:30 | Staff of Teleportation |
| 16:53 | Orb of Lightning |
| 17:09 | Guard Tower |
| 17:09 | Scout Tower |
| 18:58 | Guard Tower |
| 19:00 | Scout Tower |
| 19:01 | Scout Tower |
| 19:01 | Scout Tower |
| 19:02 | Scout Tower |
| 19:14 | Orb of Fire |
| 19:14 | Staff of Sanctuary |
| 19:20 | Scout Tower |
| 22:20 | Scout Tower |
| 22:20 | Scout Tower |
| 22:21 | Scout Tower |
| 22:50 | Guard Tower |
| 22:52 | Scout Tower |
| 22:53 | Scout Tower |
| 22:54 | Scout Tower |
| 23:12 | Staff of Sanctuary |
| 23:47 | Circlet of Nobility |
| 25:13 | Storm Bolt |
| 26:16 | Guard Tower |
| 30:23 | Siphon Mana |
| 32:18 | Cluster Rockets |
| 35:20 | Banish |
| 35:38 | Bash |
| 40:11 | Robo-Goblin |
| 40:58 | Priest Master Training |
| 40:58 | Sorceress Adept Training |
| Right click | 2699 |
| Select group | 2048 |
| Select | 430 |
| Assign group | 241 |
| Use ability | 210 |
| Build/train/purchase | 179 |
| Chat | 94 |
| Misc. action | 66 |
| Resource trade | 18 |
| Item give/drop | 6 |
| Minimap ping | 2 |


| Healing Salve | 5 | 500 |
| Lesser Clarity Potion | 1 | 70 |
| Potion of Healing | 1 | 150 |
| Orb of Lightning | 1 | 375 |
| Boots of Speed | 1 | 250 |
| Staff of Teleportation | 2 | 300 |
| Circlet of Nobility | 1 | 175 |
| Staff of Sanctuary | 1 | 250 |
| total: | 13 | 2070g |
| Peon | 12 | 900 | / | 0 |
| total: | 12 | 900g | / | 0w |
| Watch Tower | 12 | 1320 | / | 960 |
| Altar of Storms | 1 | 180 | / | 50 |
| Orc Burrow | 2 | 320 | / | 80 |
| Voodoo Lounge | 3 | 390 | / | 90 |
| War Mill | 1 | 205 | / | 0 |
| Stronghold | 1 | 315 | / | 190 |
| Fortress | 1 | 325 | / | 190 |
| total: | 19 | 2415g | / | 1180w |
| 0:01 | Peon |
| 0:08 | Altar of Storms |
| 0:09 | Peon |
| 0:17 | Orc Burrow |
| 0:27 | Peon |
| 0:39 | Peon |
| 0:49 | Peon |
| 1:03 | Voodoo Lounge |
| 1:15 | Peon |
| 1:26 | Peon |
| 1:30 | War Mill |
| 1:32 | Peon |
| 1:51 | Peon |
| 2:10 | Orc Burrow |
| 2:13 | Healing Salve |
| 2:14 | Lesser Clarity Potion |
| 2:16 | Wind Walk |
| 2:22 | Peon |
| 2:44 | Watch Tower |
| 3:26 | Peon |
| 3:28 | Watch Tower |
| 4:05 | Peon |
| 4:07 | Spiked Barricades |
| 4:18 | Watch Tower |
| 4:34 | Stronghold |
| 4:36 | Watch Tower |
| 5:01 | Critical Strike |
| 6:23 | Watch Tower |
| 6:25 | Watch Tower |
| 6:49 | Voodoo Lounge |
| 6:52 | Voodoo Lounge |
| 7:01 | Boots of Speed |
| 7:10 | Fortress |
| 9:17 | Healing Salve |
| 9:23 | Hex |
| 9:44 | Watch Tower |
| 11:34 | Healing Wave |
| 11:38 | Potion of Healing |
| 11:39 | Healing Salve |
| 11:43 | Orb of Lightning |
| 12:29 | Wind Walk |
| 13:03 | Staff of Teleportation |
| 13:38 | Reinforced Defenses |
| 13:41 | Watch Tower |
| 15:35 | Staff of Teleportation |
| 15:38 | Circlet of Nobility |
| 15:47 | Watch Tower |
| 15:48 | Watch Tower |
| 16:46 | Healing Salve |
| 19:06 | Watch Tower |
| 19:06 | Watch Tower |
| 21:24 | Critical Strike |
| 21:55 | Healing Salve |
| 23:27 | Hex |
| 25:51 | Staff of Sanctuary |
| 32:24 | Wind Walk |
| 33:12 | Healing Wave |
| 40:18 | Healing Wave |
| 40:38 | Bladestorm |
| Right click | 3499 |
| Select | 1180 |
| Select group | 1018 |
| Assign group | 530 |
| Build/train/purchase | 102 |
| Use ability | 86 |
| Resource trade | 47 |
| Chat | 19 |
| Minimap ping | 13 |
| Misc. action | 6 |
| Item give/drop | 4 |



| Staff of Sanctuary | 4 | 1000 |
| Lesser Clarity Potion | 1 | 70 |
| Boots of Speed | 4 | 1000 |
| Staff of Teleportation | 4 | 600 |
| Healing Salve | 2 | 200 |
| Orb of Lightning | 4 | 1500 |
| total: | 19 | 4370g |
| Peasant | 15 | 1125 | / | 0 |
| Priest | 1 | 135 | / | 10 |
| Dragonhawk Rider | 4 | 800 | / | 120 |
| total: | 20 | 2060g | / | 130w |
| Scout Tower | 62 | 1860 | / | 1240 |
| Arcane Tower | 4 | 280 | / | 200 |
| Guard Tower | 27 | 1890 | / | 1350 |
| Altar of Kings | 1 | 180 | / | 50 |
| Farm | 12 | 960 | / | 240 |
| Lumber Mill | 1 | 120 | / | 0 |
| Arcane Vault | 1 | 130 | / | 30 |
| Barracks | 1 | 160 | / | 60 |
| Blacksmith | 1 | 140 | / | 60 |
| Town Hall | 1 | 385 | / | 205 |
| Arcane Sanctum | 1 | 150 | / | 140 |
| Gryphon Aviary | 1 | 140 | / | 150 |
| Keep | 2 | 640 | / | 420 |
| Castle | 1 | 360 | / | 210 |
| total: | 82 | 4225g | / | 2175w |
| 0:03 | Peasant |
| 0:07 | Altar of Kings |
| 0:16 | Peasant |
| 0:19 | Farm |
| 0:23 | Peasant |
| 0:37 | Peasant |
| 0:48 | Farm |
| 0:50 | Lumber Mill |
| 0:56 | Peasant |
| 1:13 | Scout Tower |
| 1:17 | Peasant |
| 1:24 | Peasant |
| 1:31 | Arcane Vault |
| 1:37 | Peasant |
| 1:49 | Arcane Tower |
| 1:49 | Peasant |
| 1:59 | Scout Tower |
| 2:02 | Peasant |
| 2:09 | Blizzard |
| 2:13 | Peasant |
| 2:24 | Peasant |
| 2:25 | Guard Tower |
| 2:26 | Scout Tower |
| 2:35 | Peasant |
| 2:43 | Peasant |
| 2:47 | Scout Tower |
| 2:49 | Scout Tower |
| 2:50 | Scout Tower |
| 2:51 | Peasant |
| 2:52 | Improved Masonry |
| 3:06 | Guard Tower |
| 3:38 | Brilliance Aura |
| 3:42 | Guard Tower |
| 3:43 | Scout Tower |
| 3:45 | Scout Tower |
| 4:05 | Boots of Speed |
| 4:05 | Staff of Teleportation |
| 4:11 | Keep |
| 4:15 | Scout Tower |
| 4:29 | Guard Tower |
| 4:32 | Farm |
| 5:09 | Scout Tower |
| 5:13 | Scout Tower |
| 5:14 | Scout Tower |
| 5:14 | Scout Tower |
| 5:15 | Scout Tower |
| 5:16 | Scout Tower |
| 5:16 | Scout Tower |
| 5:17 | Scout Tower |
| 5:17 | Scout Tower |
| 5:18 | Scout Tower |
| 5:18 | Scout Tower |
| 5:18 | Scout Tower |
| 5:44 | Arcane Tower |
| 6:05 | Guard Tower |
| 6:07 | Guard Tower |
| 6:29 | Guard Tower |
| 7:13 | Guard Tower |
| 7:18 | Arcane Sanctum |
| 7:25 | Guard Tower |
| 8:00 | Castle |
| 8:04 | Storm Bolt |
| 8:08 | Guard Tower |
| 8:17 | Healing Salve |
| 8:31 | Scout Tower |
| 8:32 | Scout Tower |
| 8:33 | Scout Tower |
| 8:34 | Guard Tower |
| 8:38 | Magic Sentry |
| 9:00 | Guard Tower |
| 9:05 | Scout Tower |
| 9:36 | Guard Tower |
| 9:37 | Scout Tower |
| 9:38 | Scout Tower |
| 10:18 | Blizzard |
| 10:28 | Farm |
| 10:44 | Arcane Tower |
| 10:44 | Guard Tower |
| 10:46 | Scout Tower |
| 10:47 | Scout Tower |
| 10:47 | Scout Tower |
| 10:47 | Scout Tower |
| 11:26 | Bash |
| 11:33 | Advanced Masonry |
| 11:34 | Improved Lumber Harvesting |
| 12:02 | Holy Light |
| 12:05 | Staff of Sanctuary |
| 12:31 | Lesser Clarity Potion |
| 12:54 | Orb of Lightning |
| 12:54 | Orb of Lightning |
| 12:58 | Staff of Teleportation |
| 13:11 | Staff of Teleportation |
| 13:11 | Staff of Teleportation |
| 13:37 | Healing Salve |
| 13:49 | Boots of Speed |
| 13:59 | Guard Tower |
| 14:20 | Boots of Speed |
| 14:20 | Boots of Speed |
| 15:38 | Guard Tower |
| 15:40 | Scout Tower |
| 15:41 | Scout Tower |
| 15:41 | Scout Tower |
| 15:42 | Scout Tower |
| 15:42 | Scout Tower |
| 15:43 | Scout Tower |
| 15:46 | Scout Tower |
| 15:47 | Scout Tower |
| 15:47 | Scout Tower |
| 15:51 | Imbued Masonry |
| 15:53 | Gryphon Aviary |
| 15:55 | Farm |
| 15:55 | Farm |
| 16:19 | Orb of Lightning |
| 16:19 | Orb of Lightning |
| 16:43 | Staff of Sanctuary |
| 16:43 | Staff of Sanctuary |
| 16:50 | Guard Tower |
| 16:59 | Guard Tower |
| 17:18 | Guard Tower |
| 18:14 | Barracks |
| 18:24 | Priest |
| 18:27 | Farm |
| 18:27 | Farm |
| 18:27 | Farm |
| 18:58 | Farm |
| 18:58 | Farm |
| 19:00 | Farm |
| 19:05 | Blacksmith |
| 19:10 | Guard Tower |
| 19:15 | Scout Tower |
| 19:15 | Scout Tower |
| 19:48 | Guard Tower |
| 19:49 | Scout Tower |
| 19:49 | Scout Tower |
| 19:50 | Scout Tower |
| 19:50 | Scout Tower |
| 19:51 | Scout Tower |
| 19:51 | Scout Tower |
| 19:51 | Scout Tower |
| 20:21 | Storm Bolt |
| 22:10 | Guard Tower |
| 22:14 | Scout Tower |
| 22:16 | Scout Tower |
| 22:17 | Scout Tower |
| 22:23 | Animal War Training |
| 22:24 | Dragonhawk Rider |
| 22:25 | Dragonhawk Rider |
| 22:25 | Dragonhawk Rider |
| 22:57 | Staff of Sanctuary |
| 23:03 | Dragonhawk Rider |
| 23:09 | Guard Tower |
| 23:11 | Guard Tower |
| 24:42 | Brilliance Aura |
| 24:55 | Guard Tower |
| 34:34 | Divine Shield |
| 36:47 | Bash |
| 39:28 | Town Hall |
| 39:32 | Scout Tower |
| 39:32 | Scout Tower |
| 39:33 | Scout Tower |
| 39:33 | Scout Tower |
| 39:33 | Scout Tower |
| 39:34 | Scout Tower |
| 39:34 | Scout Tower |
| 39:34 | Scout Tower |
| 39:35 | Scout Tower |
| 39:35 | Scout Tower |
| 40:10 | Brilliance Aura |
| 40:56 | Guard Tower |
| 40:58 | Arcane Tower |
| 40:58 | Guard Tower |
| 41:03 | Holy Light |
| Right click | 3740 |
| Select | 869 |
| Select group | 781 |
| Build/train/purchase | 178 |
| Use ability | 172 |
| Chat | 120 |
| Assign group | 19 |
| Minimap ping | 11 |
| Misc. action | 4 |
| Item give/drop | 4 |
| Remove unit | 1 |



| Staff of Sanctuary | 3 | 750 |
| Orb of Fire | 1 | 325 |
| Staff of Teleportation | 3 | 450 |
| Boots of Speed | 3 | 750 |
| Periapt of Vitality | 1 | 325 |
| Healing Salve | 1 | 100 |
| Orb of Lightning | 2 | 750 |
| total: | 14 | 3450g |
| Peasant | 14 | 1050 | / | 0 |
| Priest | 2 | 270 | / | 20 |
| Spell Breaker | 1 | 215 | / | 30 |
| total: | 17 | 1535g | / | 50w |
| Scout Tower | 127 | 3810 | / | 2540 |
| Arcane Tower | 5 | 350 | / | 250 |
| Guard Tower | 26 | 1820 | / | 1300 |
| Altar of Kings | 1 | 180 | / | 50 |
| Farm | 6 | 480 | / | 120 |
| Lumber Mill | 2 | 240 | / | 0 |
| Arcane Vault | 1 | 130 | / | 30 |
| Town Hall | 2 | 770 | / | 410 |
| Arcane Sanctum | 1 | 150 | / | 140 |
| Keep | 1 | 320 | / | 210 |
| Castle | 1 | 360 | / | 210 |
| total: | 140 | 5760g | / | 3290w |
| 0:04 | Peasant |
| 0:04 | Peasant |
| 0:09 | Altar of Kings |
| 0:12 | Peasant |
| 0:16 | Farm |
| 0:27 | Peasant |
| 0:51 | Lumber Mill |
| 0:53 | Peasant |
| 0:59 | Scout Tower |
| 1:14 | Peasant |
| 1:19 | Farm |
| 1:40 | Arcane Tower |
| 1:41 | Scout Tower |
| 1:42 | Peasant |
| 1:42 | Peasant |
| 1:42 | Peasant |
| 2:14 | Blizzard |
| 2:16 | Guard Tower |
| 2:17 | Scout Tower |
| 2:18 | Scout Tower |
| 2:19 | Peasant |
| 2:19 | Peasant |
| 2:54 | Guard Tower |
| 2:56 | Peasant |
| 2:56 | Peasant |
| 2:57 | Peasant |
| 3:12 | Scout Tower |
| 3:13 | Scout Tower |
| 3:14 | Scout Tower |
| 3:20 | Scout Tower |
| 3:21 | Scout Tower |
| 3:52 | Brilliance Aura |
| 3:55 | Keep |
| 3:59 | Farm |
| 4:00 | Farm |
| 4:07 | Healing Salve |
| 4:14 | Arcane Tower |
| 4:15 | Guard Tower |
| 4:18 | Guard Tower |
| 4:20 | Scout Tower |
| 4:22 | Scout Tower |
| 4:24 | Scout Tower |
| 4:26 | Scout Tower |
| 4:26 | Scout Tower |
| 4:27 | Scout Tower |
| 4:30 | Staff of Teleportation |
| 4:33 | Boots of Speed |
| 4:52 | Guard Tower |
| 5:24 | Improved Masonry |
| 5:26 | Farm |
| 5:26 | Farm |
| 5:43 | Guard Tower |
| 6:13 | Guard Tower |
| 6:19 | Scout Tower |
| 6:25 | Scout Tower |
| 6:29 | Scout Tower |
| 6:32 | Scout Tower |
| 6:34 | Scout Tower |
| 7:03 | Castle |
| 7:08 | Arcane Sanctum |
| 7:10 | Arcane Vault |
| 8:08 | Storm Bolt |
| 8:11 | Guard Tower |
| 8:13 | Scout Tower |
| 8:15 | Scout Tower |
| 8:16 | Scout Tower |
| 8:18 | Scout Tower |
| 8:22 | Scout Tower |
| 8:25 | Magic Sentry |
| 8:27 | Advanced Masonry |
| 8:28 | Scout Tower |
| 8:28 | Scout Tower |
| 8:31 | Scout Tower |
| 8:32 | Scout Tower |
| 8:36 | Priest Adept Training |
| 8:37 | Priest |
| 9:05 | Staff of Teleportation |
| 9:05 | Boots of Speed |
| 9:35 | Guard Tower |
| 9:37 | Scout Tower |
| 10:25 | Holy Light |
| 10:28 | Staff of Sanctuary |
| 10:31 | Orb of Fire |
| 10:50 | Guard Tower |
| 10:55 | Scout Tower |
| 10:58 | Scout Tower |
| 10:59 | Scout Tower |
| 10:59 | Scout Tower |
| 11:00 | Scout Tower |
| 11:17 | Blizzard |
| 11:55 | Bash |
| 12:40 | Scout Tower |
| 12:40 | Scout Tower |
| 12:42 | Scout Tower |
| 12:42 | Scout Tower |
| 12:44 | Scout Tower |
| 12:46 | Scout Tower |
| 12:46 | Scout Tower |
| 12:47 | Scout Tower |
| 12:48 | Scout Tower |
| 12:48 | Scout Tower |
| 12:49 | Scout Tower |
| 12:50 | Scout Tower |
| 12:51 | Scout Tower |
| 12:55 | Scout Tower |
| 12:56 | Scout Tower |
| 12:57 | Scout Tower |
| 12:58 | Scout Tower |
| 13:02 | Orb of Lightning |
| 13:32 | Guard Tower |
| 14:01 | Staff of Sanctuary |
| 14:18 | Boots of Speed |
| 14:18 | Periapt of Vitality |
| 14:37 | Orb of Lightning |
| 14:59 | Guard Tower |
| 15:05 | Scout Tower |
| 15:05 | Scout Tower |
| 15:09 | Scout Tower |
| 15:46 | Guard Tower |
| 15:49 | Scout Tower |
| 15:51 | Scout Tower |
| 15:51 | Scout Tower |
| 16:00 | Lumber Mill |
| 16:17 | Guard Tower |
| 16:33 | Guard Tower |
| 16:35 | Scout Tower |
| 16:36 | Scout Tower |
| 16:37 | Scout Tower |
| 16:49 | Scout Tower |
| 16:49 | Scout Tower |
| 16:52 | Staff of Sanctuary |
| 17:04 | Guard Tower |
| 17:46 | Divine Shield |
| 17:48 | Storm Bolt |
| 18:01 | Brilliance Aura |
| 18:25 | Scout Tower |
| 18:26 | Scout Tower |
| 18:26 | Scout Tower |
| 18:27 | Scout Tower |
| 18:28 | Scout Tower |
| 18:28 | Scout Tower |
| 18:31 | Imbued Masonry |
| 18:54 | Spell Breaker |
| 18:55 | Priest Master Training |
| 18:59 | Guard Tower |
| 19:02 | Scout Tower |
| 19:02 | Scout Tower |
| 19:04 | Scout Tower |
| 19:05 | Scout Tower |
| 19:05 | Scout Tower |
| 19:06 | Scout Tower |
| 19:07 | Scout Tower |
| 19:07 | Scout Tower |
| 19:11 | Scout Tower |
| 19:12 | Scout Tower |
| 19:30 | Priest |
| 19:46 | Staff of Teleportation |
| 22:05 | Guard Tower |
| 22:09 | Scout Tower |
| 22:11 | Scout Tower |
| 22:48 | Scout Tower |
| 22:49 | Scout Tower |
| 22:50 | Scout Tower |
| 22:53 | Scout Tower |
| 22:54 | Scout Tower |
| 22:57 | Scout Tower |
| 22:58 | Scout Tower |
| 22:59 | Scout Tower |
| 23:04 | Scout Tower |
| 23:05 | Scout Tower |
| 23:06 | Scout Tower |
| 23:07 | Scout Tower |
| 23:08 | Scout Tower |
| 23:09 | Scout Tower |
| 23:13 | Guard Tower |
| 23:21 | Guard Tower |
| 23:33 | Arcane Tower |
| 23:33 | Arcane Tower |
| 23:36 | Arcane Tower |
| 23:39 | Guard Tower |
| 24:18 | Guard Tower |
| 28:45 | Scout Tower |
| 28:46 | Scout Tower |
| 28:48 | Scout Tower |
| 28:49 | Scout Tower |
| 29:38 | Guard Tower |
| 30:07 | Scout Tower |
| 30:08 | Scout Tower |
| 31:07 | Guard Tower |
| 31:27 | Holy Light |
| 31:58 | Bash |
| 32:39 | Brilliance Aura |
| 34:44 | Devotion Aura |
| 36:14 | Town Hall |
| 36:18 | Town Hall |
| 36:36 | Scout Tower |
| 36:37 | Scout Tower |
| 36:37 | Scout Tower |
| 36:38 | Scout Tower |
| 36:38 | Scout Tower |
| 36:39 | Scout Tower |
| 36:39 | Scout Tower |
| 36:40 | Scout Tower |
| 37:44 | Scout Tower |
| 37:45 | Scout Tower |
| 37:46 | Scout Tower |
| 37:47 | Scout Tower |
| 37:48 | Scout Tower |
| 37:49 | Scout Tower |
| 37:49 | Scout Tower |
| 37:50 | Scout Tower |
| 37:51 | Scout Tower |
| 37:52 | Scout Tower |
| 37:53 | Scout Tower |
| 37:53 | Scout Tower |
| 38:27 | Guard Tower |
| 40:03 | Storm Bolt |
| 40:17 | Guard Tower |
| 40:21 | Scout Tower |
| 40:22 | Scout Tower |
| 40:23 | Scout Tower |
| 40:23 | Scout Tower |
| 40:24 | Scout Tower |
| 40:25 | Scout Tower |
| Right click | 2761 |
| Select group | 2374 |
| Select | 356 |
| Use ability | 209 |
| Build/train/purchase | 164 |
| Misc. action | 118 |
| Chat | 31 |
| Minimap ping | 16 |
| Assign group | 10 |
| Item give/drop | 9 |
| Esc | 9 |
156 units @ 28.3k
/ 5.6k
83 buildings @ 13.4k
/ 5.5k


| Acolyte | 9 | 675 | / | 0 |
| Ghoul | 7 | 840 | / | 0 |
| Crypt Fiend | 6 | 1290 | / | 240 |
| Obsidian Statue | 2 | 400 | / | 70 |
| Frost Wyrm | 11 | 4235 | / | 1320 |
| Meat Wagon | 4 | 920 | / | 200 |
| total: | 39 | 8360g | / | 1830w |
| Spirit Tower | 3 | 435 | / | 120 |
| Nerubian Tower | 2 | 200 | / | 40 |
| Altar of Darkness | 1 | 180 | / | 50 |
| Crypt | 1 | 200 | / | 50 |
| Ziggurat | 11 | 1650 | / | 550 |
| Graveyard | 1 | 215 | / | 0 |
| Tomb of Relics | 1 | 130 | / | 30 |
| Necropolis | 1 | 225 | / | 0 |
| Slaughterhouse | 1 | 140 | / | 135 |
| Sacrificial Pit | 1 | 75 | / | 150 |
| Boneyard | 2 | 350 | / | 400 |
| Halls of the Dead | 1 | 320 | / | 210 |
| Black Citadel | 1 | 325 | / | 230 |
| total: | 20 | 3165g | / | 1365w |
| 0:03 | Acolyte |
| 0:04 | Acolyte |
| 0:08 | Altar of Darkness |
| 0:12 | Crypt |
| 0:21 | Ziggurat |
| 1:07 | Acolyte |
| 1:17 | Ghoul |
| 1:17 | Ghoul |
| 1:31 | Ziggurat |
| 1:55 | Graveyard |
| 2:00 | Ghoul |
| 2:02 | Ghoul |
| 2:12 | Death Coil |
| 2:54 | Ghoul |
| 3:28 | Halls of the Dead |
| 3:30 | Crypt Fiend |
| 4:24 | Crypt Fiend |
| 4:52 | Spirit Tower |
| 4:55 | Nerubian Tower |
| 4:56 | Creature Attack |
| 5:02 | Crypt Fiend |
| 5:07 | Ziggurat |
| 5:09 | Ziggurat |
| 5:38 | Ziggurat |
| 5:55 | Tomb of Relics |
| 6:03 | Ghoul |
| 6:03 | Ghoul |
| 6:31 | Unholy Aura |
| 6:55 | Acolyte |
| 7:02 | Slaughterhouse |
| 7:05 | Spirit Tower |
| 7:09 | Crypt Fiend |
| 8:43 | Acolyte |
| 8:43 | Acolyte |
| 9:02 | Crypt Fiend |
| 9:53 | Ziggurat |
| 10:01 | Sacrificial Pit |
| 10:05 | Frost Nova |
| 10:16 | Ziggurat |
| 10:35 | Black Citadel |
| 10:38 | Crypt Fiend |
| 10:44 | Obsidian Statue |
| 11:10 | Death Coil |
| 11:34 | Ziggurat |
| 12:10 | Frost Armor |
| 12:33 | Ziggurat |
| 12:42 | Creature Carapace |
| 12:48 | Obsidian Statue |
| 13:07 | Boneyard |
| 13:09 | Boneyard |
| 13:25 | Web |
| 14:07 | Improved Creature Attack |
| 14:17 | Spirit Tower |
| 14:22 | Ziggurat |
| 14:25 | Freezing Breath |
| 14:58 | Ziggurat |
| 15:11 | Frost Armor |
| 15:19 | Frost Wyrm |
| 15:58 | Nerubian Tower |
| 16:01 | Frost Wyrm |
| 16:47 | Frost Wyrm |
| 18:31 | Necropolis |
| 19:24 | Frost Wyrm |
| 19:38 | Acolyte |
| 21:21 | Frost Wyrm |
| 21:23 | Frost Wyrm |
| 22:12 | Acolyte |
| 22:12 | Acolyte |
| 22:44 | Frost Wyrm |
| 23:23 | Frost Wyrm |
| 24:07 | Meat Wagon |
| 24:57 | Meat Wagon |
| 24:58 | Meat Wagon |
| 25:27 | Improved Creature Carapace |
| 26:23 | Meat Wagon |
| 26:57 | Unholy Aura |
| 28:13 | Advanced Creature Attack |
| 28:33 | Frost Nova |
| 30:31 | Frost Wyrm |
| 36:39 | Frost Wyrm |
| 36:40 | Frost Wyrm |
| Right click | 620 |
| Select | 401 |
| Select group | 265 |
| Build/train/purchase | 66 |
| Use ability | 60 |
| Resource trade | 28 |
| Assign group | 27 |
| Remove unit | 1 |


| Rod of Necromancy | 3 | 450 |
| Potion of Healing | 1 | 150 |
| Lesser Clarity Potion | 1 | 70 |
| Dust of Appearance | 1 | 75 |
| Scroll of Town Portal | 1 | 350 |
| Healing Salve | 1 | 100 |
| total: | 8 | 1195g |
| Acolyte | 16 | 1200 | / | 0 |
| Ghoul | 6 | 720 | / | 0 |
| Crypt Fiend | 6 | 1290 | / | 240 |
| Frost Wyrm | 15 | 5775 | / | 1800 |
| Gargoyle | 1 | 175 | / | 30 |
| total: | 44 | 9160g | / | 2070w |
| Nerubian Tower | 1 | 100 | / | 20 |
| Spirit Tower | 8 | 1160 | / | 320 |
| Crypt | 1 | 200 | / | 50 |
| Graveyard | 1 | 215 | / | 0 |
| Ziggurat | 16 | 2400 | / | 800 |
| Altar of Darkness | 1 | 180 | / | 50 |
| Tomb of Relics | 1 | 130 | / | 30 |
| Necropolis | 2 | 450 | / | 0 |
| Sacrificial Pit | 1 | 75 | / | 150 |
| Boneyard | 2 | 350 | / | 400 |
| Halls of the Dead | 1 | 320 | / | 210 |
| Black Citadel | 1 | 325 | / | 230 |
| total: | 25 | 4000g | / | 1480w |
| 0:02 | Acolyte |
| 0:13 | Crypt |
| 0:16 | Graveyard |
| 0:18 | Acolyte |
| 0:35 | Ziggurat |
| 0:54 | Altar of Darkness |
| 1:14 | Ghoul |
| 1:29 | Ziggurat |
| 1:32 | Ziggurat |
| 1:41 | Ghoul |
| 1:44 | Ghoul |
| 1:57 | Tomb of Relics |
| 2:09 | Crypt Fiend |
| 2:30 | Crypt Fiend |
| 2:40 | Nerubian Tower |
| 2:55 | Death Coil |
| 3:00 | Rod of Necromancy |
| 3:16 | Crypt Fiend |
| 3:53 | Crypt Fiend |
| 4:12 | Halls of the Dead |
| 4:15 | Unholy Aura |
| 4:37 | Creature Attack |
| 5:13 | Ziggurat |
| 6:07 | Creature Carapace |
| 6:15 | Death Coil |
| 7:08 | Black Citadel |
| 7:11 | Sacrificial Pit |
| 7:23 | Rod of Necromancy |
| 7:26 | Potion of Healing |
| 7:53 | Crypt Fiend |
| 7:53 | Crypt Fiend |
| 8:09 | Spirit Tower |
| 8:11 | Ziggurat |
| 8:12 | Ziggurat |
| 8:42 | Web |
| 9:24 | Spirit Tower |
| 9:41 | Boneyard |
| 9:46 | Boneyard |
| 9:57 | Unholy Aura |
| 10:10 | Acolyte |
| 10:10 | Acolyte |
| 10:56 | Necropolis |
| 10:59 | Acolyte |
| 10:59 | Acolyte |
| 10:59 | Acolyte |
| 10:59 | Acolyte |
| 11:11 | Frost Wyrm |
| 12:25 | Frost Wyrm |
| 12:39 | Ziggurat |
| 13:01 | Dust of Appearance |
| 13:02 | Rod of Necromancy |
| 13:09 | Acolyte |
| 13:13 | Ziggurat |
| 13:18 | Sleep |
| 14:02 | Freezing Breath |
| 14:40 | Frost Wyrm |
| 14:44 | Ghoul |
| 14:44 | Ghoul |
| 14:44 | Ghoul |
| 15:15 | Frost Wyrm |
| 15:35 | Spirit Tower |
| 16:04 | Ziggurat |
| 16:05 | Ziggurat |
| 16:44 | Acolyte |
| 16:45 | Acolyte |
| 16:58 | Frost Wyrm |
| 17:17 | Spirit Tower |
| 17:18 | Acolyte |
| 17:45 | Scroll of Town Portal |
| 18:54 | Frost Wyrm |
| 19:28 | Death Coil |
| 19:54 | Improved Creature Attack |
| 21:24 | Gargoyle |
| 21:26 | Frost Wyrm |
| 22:22 | Frost Wyrm |
| 22:46 | Frost Wyrm |
| 24:04 | Frost Wyrm |
| 25:17 | Necropolis |
| 26:52 | Ziggurat |
| 26:53 | Ziggurat |
| 26:54 | Ziggurat |
| 27:00 | Advanced Creature Attack |
| 27:03 | Ziggurat |
| 27:43 | Ziggurat |
| 27:47 | Spirit Tower |
| 28:11 | Vampiric Aura |
| 28:27 | Spirit Tower |
| 28:30 | Ziggurat |
| 28:47 | Spirit Tower |
| 29:03 | Acolyte |
| 29:03 | Acolyte |
| 29:50 | Spirit Tower |
| 32:27 | Frost Wyrm |
| 32:32 | Acolyte |
| 32:33 | Acolyte |
| 32:57 | Frost Wyrm |
| 35:14 | Frost Wyrm |
| 36:25 | Frost Wyrm |
| 38:16 | Healing Salve |
| 38:16 | Lesser Clarity Potion |
| 39:14 | Frost Wyrm |
| 39:57 | Animate Dead |
| Right click | 2590 |
| Select group | 1551 |
| Select | 556 |
| Misc. action | 172 |
| Build/train/purchase | 105 |
| Assign group | 52 |
| Use ability | 50 |
| Chat | 49 |
| Minimap ping | 11 |
| Resource trade | 5 |
| Remove unit | 3 |


x1)
| Healing Salve | 3 | 300 |
| Scroll of Speed | 1 | 50 |
| Lesser Clarity Potion | 1 | 70 |
| Boots of Speed | 1 | 250 |
| Circlet of Nobility | 1 | 175 |
| Tome of Retraining | 1 | 300 |
| total: | 8 | 1145g |
| Peon | 8 | 600 | / | 0 |
| Troll Headhunter | 10 | 1400 | / | 200 |
| Troll Witch Doctor | 2 | 290 | / | 50 |
| Demolisher | 3 | 660 | / | 150 |
| Troll Berserker | 2 | 280 | / | 40 |
| Raider | 6 | 1080 | / | 240 |
| total: | 31 | 4310g | / | 680w |
| Watch Tower | 1 | 110 | / | 80 |
| Orc Burrow | 8 | 1280 | / | 320 |
| Altar of Storms | 1 | 180 | / | 50 |
| War Mill | 1 | 205 | / | 0 |
| Barracks | 1 | 180 | / | 50 |
| Voodoo Lounge | 1 | 130 | / | 30 |
| Beastiary | 2 | 290 | / | 280 |
| Spirit Lodge | 1 | 150 | / | 150 |
| Stronghold | 1 | 315 | / | 190 |
| Fortress | 1 | 325 | / | 190 |
| total: | 16 | 2525g | / | 960w |
| 0:03 | Peon |
| 0:22 | Orc Burrow |
| 0:25 | Peon |
| 0:26 | Peon |
| 0:42 | Altar of Storms |
| 0:45 | Peon |
| 1:01 | War Mill |
| 1:07 | Peon |
| 1:34 | Barracks |
| 1:40 | Peon |
| 1:42 | Peon |
| 2:06 | Orc Burrow |
| 2:32 | Voodoo Lounge |
| 2:39 | Troll Headhunter |
| 2:47 | War Stomp |
| 3:19 | Peon |
| 3:22 | Troll Headhunter |
| 3:22 | Troll Headhunter |
| 3:22 | Troll Headhunter |
| 3:25 | Orc Burrow |
| 4:14 | Healing Salve |
| 4:57 | Endurance Aura |
| 5:08 | Troll Headhunter |
| 5:08 | Troll Headhunter |
| 5:10 | Stronghold |
| 5:16 | Scroll of Speed |
| 5:16 | Lesser Clarity Potion |
| 5:17 | Healing Salve |
| 5:40 | Steel Ranged Weapons |
| 6:37 | Troll Headhunter |
| 6:37 | Troll Headhunter |
| 6:41 | Steel Armor |
| 7:20 | Endurance Aura |
| 8:05 | Troll Regeneration |
| 8:06 | Fortress |
| 8:10 | Beastiary |
| 8:17 | Healing Salve |
| 8:44 | Troll Headhunter |
| 8:44 | Troll Headhunter |
| 9:59 | Healing Wave |
| 10:55 | Spirit Lodge |
| 10:57 | War Drums Damage Increase |
| 11:07 | Hex |
| 13:07 | War Stomp |
| 13:20 | Berserker Upgrade |
| 13:25 | Orc Burrow |
| 13:27 | Orc Burrow |
| 13:28 | Orc Burrow |
| 13:29 | Orc Burrow |
| 13:30 | Orc Burrow |
| 14:25 | Boots of Speed |
| 14:55 | Witch Doctor Adept Training |
| 14:55 | Troll Witch Doctor |
| 15:08 | Thorium Ranged Weapons |
| 15:08 | Thorium Armor |
| 16:09 | Circlet of Nobility |
| 16:12 | Tome of Retraining |
| 16:12 | Retrain Hero |
| 16:50 | Shockwave |
| 16:51 | Shockwave |
| 16:52 | Endurance Aura |
| 16:53 | Endurance Aura |
| 17:35 | Troll Witch Doctor |
| 19:13 | Burning Oil |
| 19:20 | Demolisher |
| 19:21 | Demolisher |
| 19:21 | Demolisher |
| 19:24 | Witch Doctor Master Training |
| 21:44 | Healing Wave |
| 21:49 | Troll Berserker |
| 21:49 | Troll Berserker |
| 25:14 | Liquid Fire |
| 28:36 | Watch Tower |
| 28:56 | Arcanite Armor |
| 29:20 | Shaman Adept Training |
| 29:23 | Raider |
| 29:24 | Raider |
| 29:24 | Raider |
| 29:25 | Raider |
| 29:28 | Beastiary |
| 30:05 | Raider |
| 30:05 | Raider |
| Right click | 1667 |
| Select | 457 |
| Build/train/purchase | 95 |
| Misc. action | 83 |
| Use ability | 82 |
| Resource trade | 44 |
| Select group | 14 |
| Assign group | 11 |
| Item give/drop | 6 |
| Remove unit | 1 |
| Esc | 1 |
| Minimap ping | 1 |

| Healing Salve | 3 | 300 |
| Lesser Clarity Potion | 2 | 140 |
| Orb of Lightning | 1 | 375 |
| Potion of Healing | 2 | 300 |
| Dust of Appearance | 1 | 75 |
| Boots of Speed | 1 | 250 |
| Staff of Teleportation | 1 | 150 |
| Potion of Lesser Invulnerability | 1 | 150 |
| total: | 12 | 1740g |
| Peon | 14 | 1050 | / | 0 |
| Grunt | 3 | 600 | / | 0 |
| Troll Headhunter | 12 | 1680 | / | 240 |
| Demolisher | 8 | 1760 | / | 400 |
| Tauren | 5 | 1400 | / | 400 |
| total: | 42 | 6490g | / | 1040w |
| Watch Tower | 5 | 550 | / | 400 |
| Altar of Storms | 1 | 180 | / | 50 |
| Orc Burrow | 7 | 1120 | / | 280 |
| Barracks | 2 | 360 | / | 100 |
| Voodoo Lounge | 1 | 130 | / | 30 |
| War Mill | 1 | 205 | / | 0 |
| Great Hall | 2 | 770 | / | 370 |
| Tauren Totem | 3 | 405 | / | 465 |
| Stronghold | 1 | 315 | / | 190 |
| Fortress | 1 | 325 | / | 190 |
| total: | 22 | 3720g | / | 1695w |
| 0:05 | Altar of Storms |
| 0:06 | Peon |
| 0:11 | Orc Burrow |
| 0:14 | Peon |
| 0:32 | Barracks |
| 0:39 | Peon |
| 0:52 | Peon |
| 1:31 | Orc Burrow |
| 1:35 | Grunt |
| 1:59 | Voodoo Lounge |
| 2:08 | Wind Walk |
| 2:13 | Grunt |
| 2:22 | War Mill |
| 3:06 | Grunt |
| 3:42 | Boots of Speed |
| 4:19 | Critical Strike |
| 4:27 | Healing Salve |
| 4:39 | Peon |
| 4:42 | Troll Headhunter |
| 4:42 | Troll Headhunter |
| 5:04 | Lesser Clarity Potion |
| 5:17 | Troll Headhunter |
| 5:17 | Troll Headhunter |
| 5:48 | Staff of Teleportation |
| 7:17 | Critical Strike |
| 7:23 | Barracks |
| 7:26 | Stronghold |
| 7:29 | Troll Headhunter |
| 7:29 | Troll Headhunter |
| 7:34 | Orc Burrow |
| 8:08 | Troll Headhunter |
| 8:32 | Troll Headhunter |
| 9:38 | Troll Headhunter |
| 9:43 | Healing Salve |
| 9:49 | Peon |
| 9:50 | Peon |
| 10:19 | Peon |
| 10:23 | Troll Regeneration |
| 12:05 | Wind Walk |
| 12:33 | Fortress |
| 12:40 | Great Hall |
| 12:44 | Troll Headhunter |
| 13:18 | Watch Tower |
| 13:22 | Orc Burrow |
| 13:28 | Troll Headhunter |
| 13:56 | Watch Tower |
| 14:01 | Watch Tower |
| 14:03 | Troll Headhunter |
| 14:47 | Watch Tower |
| 15:17 | Watch Tower |
| 15:21 | Orc Burrow |
| 15:24 | Orc Burrow |
| 15:40 | Orc Burrow |
| 16:06 | Peon |
| 16:07 | Peon |
| 16:12 | Tauren Totem |
| 16:16 | Tauren Totem |
| 16:19 | Tauren Totem |
| 16:55 | Demolisher |
| 18:30 | Demolisher |
| 18:57 | Demolisher |
| 18:58 | Burning Oil |
| 19:05 | Potion of Lesser Invulnerability |
| 19:53 | Demolisher |
| 20:41 | Steel Armor |
| 22:04 | Demolisher |
| 23:25 | Great Hall |
| 23:54 | Lesser Clarity Potion |
| 23:58 | Orb of Lightning |
| 27:45 | Tauren |
| 27:46 | Tauren |
| 27:49 | Demolisher |
| 29:04 | Tauren |
| 30:23 | Potion of Healing |
| 30:27 | Potion of Healing |
| 30:29 | Peon |
| 34:46 | Demolisher |
| 34:49 | Demolisher |
| 35:31 | Critical Strike |
| 36:10 | Tauren |
| 37:14 | Peon |
| 37:14 | Peon |
| 37:14 | Peon |
| 37:17 | Dust of Appearance |
| 37:46 | Tauren |
| 38:02 | Healing Salve |
| Right click | 3066 |
| Select group | 624 |
| Select | 437 |
| Build/train/purchase | 171 |
| Assign group | 24 |
| Misc. action | 18 |
| Use ability | 17 |
| Item give/drop | 4 |
| Minimap ping | 1 |